Unix NetHack Version 5.0.0-0 post-release - last build Jun 10 2026 00:39:30 (3ee93aec679c4c4259841fe613dc97188e26a321,branch:main).

Game began 2026-06-16 10:51:15, ended 2026-06-16 11:28:02.

LDaviesPeters, neutral female human Archeologist

                                -------- ------
                                |%|>...---....|
                                |^|-.......`%.|
                                |^||.```|``)..|
                                |^||....|.....|
                                |^|------.----|
                                |.|    |.....%|
                                |^------......|
                                |.....^.......|
                                |..-----.@....|
                                ----   --------

LDaviesPeters the Field Worker  St:12 Dx:13 Co:12 In:13 Wi:13 Ch:13  Neutral
Dlvl:5  $:0  HP:0(39) Pw:26(26) AC:6  Xp:5 T:2939  Blind

Latest messages:
 The world spins and goes dark.
 You are conscious again.
 There is a partly eaten rothe corpse here; eat it? [ynq] (n) y
 You resume your meal.
 You finish eating the rothe corpse.
 You see here a crude dagger.
 G - a crude dagger (at the ready).
 With great effort you move the boulder.
 You hear a monster behind the boulder.
 Perhaps that's why you cannot move it.
 What do you want to throw? [nG or ?*] G
 In what direction? 4
 The crude dagger hits the human zombie.
 What do you want to throw? [n or ?*] n
 In what direction? 4
 The dart misses the human zombie.
 You lash the human zombie.
 The human zombie hits!
 You lash the human zombie.
 The human zombie hits!
 You lash the human zombie.
 The human zombie just misses!
 You lash the human zombie.
 The human zombie just misses!
 You destroy the human zombie!
 The human zombie hits!
 With great effort you move the boulder.
 The human zombie hits!
 The dust vortex engulfs you!
 You can't see in here!
 You lash the dust vortex.
 You lash the dust vortex.
 You lash the dust vortex.
 You lash the dust vortex.
 You get expelled!
 It just misses!
 You miss it.
 It hits!
 It hits!
 You destroy it!
 It hits!
 What do you want to zap? [luxNR or ?*] ?
 In what direction? 8
 The bolt of cold hits it.
 What do you want to zap? [luxNR or ?*] x
 In what direction? 8
 The bolt of cold hits it.
 It hits!
 You die...
 Do you want your possessions identified? [ynq] (y) q

Inventory:
 Weapons  (')')
  n - 13 +0 darts
  a - a +2 bullwhip (weapon in right hand)
 Armor    ('[')
  H - an uncursed +0 orcish helm (being worn)
  s - an uncursed +0 pair of high boots (being worn)
  h - an uncursed +0 leather jacket (being worn)
 Comestibles  ('%')
  V - an uncursed cram ration
  d - 4 uncursed food rations
 Scrolls  ('?')
  D - an uncursed scroll of teleportation
 Rings    ('=')
  P - an uncursed ring of teleport control (on left hand)
 Wands    ('/')
  x - a wand of cold (0:2)
  R - a wand of digging (0:3)
  l - a wand of locking (0:7)
  u - a cursed wand of magic missile (0:3)
  N - a wand of probing (0:6)
 Tools    ('(')
  b - an uncursed sack containing 15 items
  B - an uncursed blindfold
  k - a cursed lock pick
  p - a +0 pick-axe (alternate weapon; not wielded)
  f - a tinning kit (0:91)
 Gems/Stones  ('*')
  g - an uncursed touchstone

Contents of the sack:
  63 gold pieces
  an uncursed scroll of confuse monster
  a blessed scroll of create monster
  an uncursed scroll of destroy armor
  2 uncursed scrolls of earth
  an uncursed scroll of enchant armor
  a cursed scroll of enchant weapon
  an uncursed scroll of fire
  an uncursed scroll of gold detection
  an uncursed scroll of magic mapping
  an uncursed scroll of remove curse
  an uncursed potion of confusion
  an uncursed potion of speed
  a blessed potion of object detection
  a blessed potion of healing

LDaviesPeters the Archeologist's attributes:

Background:
 You were a Field Worker, a level 5 female human Archeologist.
 You were neutral, nominally on a mission for Camaxtli
 who was opposed by Quetzalcoatl (lawful) and Huhetotl (chaotic).
 You were right-handed.
 You were in Sokoban, on level 5.
 You entered the dungeon 2939 turns ago.
 There was a new moon in effect when your adventure ended.
 You had 271 experience points, 49 more were needed to attain level 6.

Basics:
 You had 0 out of 39 hit points.
 You had all 26 energy points (spell power).
 Your armor class was 6.
 Your wallet was empty, but
 you had 63 zorkmids stashed away in your pack.
 Autopickup was off.

Final Characteristics:
 Your strength was 12 (limit:18/100).
 Your dexterity was 13 (limit:18).
 Your constitution was 12 (limit:18).
 Your intelligence was 13 (limit:18).
 Your wisdom was 13 (limit:18).
 Your charisma was 13 (limit:18).

Final Status:
 You were temporarily blind.
 You weren't hungry.
 You were unencumbered.
 You were wielding a whip.
 You had basic skill with whip and could have enhanced that.

Final Attributes:
 You were piously aligned.
 You were telepathic.
 You had automatic searching.
 You were stealthy.
 You had teleport control.
 You are dead.

Miscellaneous:
 You didn't encounter any bones levels.
 Total elapsed playing time was 36 minutes and 46 seconds.

Major events:
 Turn
    1: LDaviesPeters the neutral female human Archeologist entered the dungeon
  713: attained the rank of Field Worker (level 3)
 1297: entered the Gnomish Mines
 2254: entered Sokoban
 2939: killed by a human zombie

You didn't know any spells.

Skills:
 Fighting Skills
   bare handed combat [Unskilled]
   two weapon combat  [Unskilled]
   riding             [Unskilled]
 Weapon Skills
   dagger             [Unskilled]
   knife              [Unskilled]
   pick-axe           [Basic]
   short sword        [Unskilled]
   saber              [Unskilled]
   club               [Unskilled]
   quarterstaff       [Unskilled]
   sling              [Unskilled]
   dart               [Unskilled]
   boomerang          [Unskilled]
   whip               [Basic]
   unicorn horn       [Unskilled]
 Spellcasting Skills
   attack spells      [Unskilled]
   healing spells     [Unskilled]
   divination spells  [Unskilled]
   matter spells      [Unskilled]

Voluntary challenges:
 Character rerolling was not enabled.
 You were an atheist.
 You never genocided any monsters.
 You never polymorphed an object.
 You never changed form.
 You used no wishes.
 You did not violate any of the special Sokoban rules.
Achievements:
 You attained the rank of Field Worker.
 You entered the Gnomish Mines.
 You entered Sokoban.

 The Dungeons of Doom: levels 1 to 7
    Level 1:
       Some fountains.
    Level 2:
       A fountain.
    Level 3:
    Level 4:
       A grave.
       Stairs down to The Gnomish Mines.
    Level 5:
    Level 6:
       Stairs up to Sokoban, level 5.
    Level 7:
 The Gnomish Mines:
    Level 5:
 Sokoban:
    Level 5: <- You were here.
       Unsolved.
       Final resting place for
          you, killed by a human zombie.


Vanquished creatures:
  a dust vortex
  a human zombie
  a bugbear
  a wood nymph
  a pony
  2 gnome leaders
  a floating eye
  a kobold leader
  4 rothes
  2 orc zombies
  2 dwarf zombies
 an iguana
 an acid blob
  a coyote
  3 large kobolds
  a hobgoblin
  2 cave spiders
  2 gnomes
  2 gnome zombies
  a gecko
  4 jackals
  2 foxes
  a kobold
  2 goblins
  2 sewer rats
  a grid bug
  5 lichens
  2 kobold zombies
  2 newts
52 creatures vanquished.

No species were genocided or became extinct.

Game over:
                       ----------
                      /          \
                     /    REST    \
                    /      IN      \
                   /     PEACE      \
                  /                  \
                  |  LDaviesPeters   |
                  |      63 Au       |
                  |   killed by a    |
                  |   human zombie   |
                  |                  |
                  |                  |
                  |       2026       |
                 *|     *  *  *      | *
        _________)/\\_//(\/(/\)/\//\/|_)_______

Goodbye LDaviesPeters the Archeologist...

You died in Sokoban on dungeon level 5 with 1461 points,
and 63 pieces of gold, after 2939 moves.
You were level 5 with a maximum of 39 hit points when you died.

